[Event "RUS-ch Rapid 2021"]
[Site "Sochi"]
[Date "2021.10.13"]
[Round "11.18"]
[White "Pridorozhni, Aleksei"]
[Black "Pershin, Denis"]
[Result "1-0"]
[ECO "B11"]
[WhiteElo "2564"]
[BlackElo "2388"]
[Annotator "ChessBase"]
[PlyCount "87"]
[EventDate "2021.10.12"]
[EventType "swiss"]
[EventCountry "RUS"]
[SourceTitle "playchess.com"]
[Source "ChessBase"]
[SourceQuality "1"]
[TimeControl "900+10"]

1. e4 c6 2. Nc3 d5 3. Nf3 Bg4 4. h3 Bxf3 5. Qxf3 e6 6. a3 Nf6 7. d3 Be7 8. g3 O-O 9. Bg2 Nbd7 10. O-O Ne8 11. Qe2 Bc5 12. Kh2 a5 13.
f4 Nd6 14. Bd2 b5 15. Rae1 Re8 16. Qf3 b4 17. Na4 bxa3 18. Nxc5 Nxc5 19. e5 Nb5 20. bxa3 Nxa3 21. Qf2 Qe7 22. Be3 Nd7 23. g4 Rf8 24. Bc1 Nb5 25. c4 Nc7 26. f5 exf5 27. gxf5 f6 28. e6 Ne5 29. Qg3 dxc4 30.
dxc4 Nxc4 31. Bxc6 Rab8 32. Re4 Ne5 33. Ba3 Rb4 34. Bxb4 axb4 35. Ba4 Ra8 36. Rxe5 Rxa4 37. Re3 Ra2+ 38. Rf2 Rxf2+ 39. Qxf2 Nd5 40. Rd3 Qc7+ 41. Kg2 Qe5 42. Qf3 Qb2+ 43. Kh1 b3 44. Qxd5 1-0

[Event "RUS-ch Rapid 2021"]
[Site "Sochi"]
[Date "2021.10.13"]
[Round "11.19"]
[White "Klukin, Kirill"]
[Black "Khegay, Dmitriy"]
[Result "1/2-1/2"]
[ECO "A35"]
[WhiteElo "2346"]
[BlackElo "2521"]
[Annotator "ChessBase"]
[PlyCount "80"]
[EventDate "2021.10.12"]
[EventType "swiss"]
[EventCountry "RUS"]
[SourceTitle "playchess.com"]
[Source "ChessBase"]
[SourceQuality "1"]
[TimeControl "900+10"]

1. d4 d6 2. Nf3 Nf6 3. e3 g6 4. Be2 Bg7 5. O-O O-O 6. c4 c5 7. b3 cxd4 8. Nxd4 Nc6 9. Bb2 Bd7 10. Nc3 a6 11. Rc1 Rb8 12. Nd5 e6 13.
Nxf6+ Bxf6 14. Qd2 Nxd4 15. Bxd4 Bc6 16. Rfd1 Bxd4 17. exd4 Rc8 18. Rc3 Qf6 19. Bf3 Rfd8 20. Bxc6 bxc6 21. Rf3 Qg7 22. Qa5 Ra8 23. Qc7 Rac8 24. Qa5 d5 25. c5 e5 26. dxe5 Qxe5 27. Qxa6 d4 28.
Qc4 Rd5 29. h3 Rcd8 30. a4 h5 31. b4 R8d7 32. a5 h4 33. a6 d3 34. Re3 Qb2 35. Re8+ Kg7 36. Qxh4 Rh5 37. Qg4 Rf5 38. Qh4 Rh5 39. Qg4 Rf5 40. Qh4 Rh5 1/2-1/2

[Event "RUS-ch Rapid 2021"]
[Site "Sochi"]
[Date "2021.10.13"]
[Round "11.20"]
[White "Nesterov, Arseniy"]
[Black "Zakaryan, David"]
[Result "1/2-1/2"]
[ECO "D48"]
[WhiteElo "2514"]
[BlackElo "2283"]
[Annotator "ChessBase"]
[PlyCount "93"]
[EventDate "2021.10.12"]
[EventType "swiss"]
[EventCountry "RUS"]
[SourceTitle "playchess.com"]
[Source "ChessBase"]
[SourceQuality "1"]
[TimeControl "900+10"]

1. d4 d5 2. c4 e6 3. Nc3 c6 4. Nf3 Nf6 5. e3 Nbd7 6. Bd3 dxc4 7. Bxc4 b5 8.
Bd3 a6 9. O-O c5 10. b3 Bb7 11. Bb2 Rc8 12. a4 c4 13. bxc4 bxc4 14. Bc2 Bb4 15. Rb1 O-O 16. Ba1 a5 17. Na2 Qe7 18. Qe2 Nd5 19. e4 Nf4 20. Qe3 Nd3 21. Bxd3 cxd3 22. Nxb4 axb4 23. Qxd3 Rfd8 24. d5 exd5 25. Qd4 f6 26. Rxb4 Nc5 27. e5 f5 28. Rb6 Ne6 29. Qh4 g5 30. Qh6 Rc6 31. Rxc6 Bxc6 32. Nxg5 Nxg5 33. Qxc6 Ne6 34. Rd1 d4 35. h3 Qd7 36. Qb6 Qd5 37. a5 Kf7 38. a6 d3 39. a7 Rg8 40. g3 Qf3 41. Rb1 Rxg3+ 42. fxg3 Qxg3+ 43. Kf1 Qf3+ 44. Qf2 Qh1+ 45.
Qg1 Qf3+ 46. Qf2 Qh1+ 47. Qg1 1/2-1/2

[Event "RUS-ch Rapid 2021"]
[Site "Sochi"]
[Date "2021.10.13"]
[Round "11.21"]
[White "Khubukshanov, Erdem"]
[Black "Faizrakhmanov, Ramil"]
[Result "1-0"]
[ECO "B12"]
[WhiteElo "2373"]
[BlackElo "2483"]
[Annotator "RC"]
[PlyCount "75"]
[EventDate "2021.10.12"]
[EventType "swiss"]
[EventCountry "RUS"]
[SourceTitle "playchess.com"]
[Source "ChessBase"]
[SourceQuality "1"]
[TimeControl "900+10"]

1. e4 c6 2. d4 d5 3. e5 Bf5 4. h4 h5 5. Bd3 Bxd3 6. Qxd3 Qa5+ 7. Nd2 e6 8.
Ngf3 Nh6 9. O-O Nf5 10. c4 Be7 11. g3 O-O 12. b3 Nd7 13.
a4 g6 14. Bb2 Qa6 15. Qc3 c5 16. cxd5 exd5 17. dxc5 Nxc5 18. e6 f6 19. Nd4 Nxd4 20. Qxd4 Qxe6 21. Rfe1 Qf7 22. b4 Nd7 23. Rad1 Ne5 24. Re3 Nc6 25. Qf4 Bxb4 26. Nf3 Rad8 27. Red3 Bd6 28. Qh6 Ne5 29. Bxe5 Bxe5 30. Rxd5 Rxd5 31. Rxd5 Bc7 32. Qd2 Qe8 33. Qc2 Qf7 34. Qd3 Qe8 35. Rd7 Bb6 36. a5 Bxa5 37. Qd5+ Kh8 38. Qxb7 1-0

[Event "RUS-ch Rapid 2021"]
[Site "Sochi"]
[Date "2021.10.13"]
[Round "11.22"]
[White "Sakaev, Konstantin"]
[Black "Grebnev, Aleksey"]
[Result "0-1"]
[ECO "B14"]
[WhiteElo "2603"]
[BlackElo "2469"]
[Annotator "RC"]
[PlyCount "74"]
[EventDate "2021.10.12"]
[EventType "swiss"]
[EventCountry "RUS"]
[SourceTitle "playchess.com"]
[Source "ChessBase"]
[SourceQuality "1"]
[TimeControl "900+10"]

1. d4 Nf6 2. c4 e6 3. Nc3 Bb4 4. e3 O-O 5. Bd3 c5 6. Nf3 cxd4 7. exd4 d5 8.
cxd5 exd5 9. Ne5 Nc6 10. O-O h6 11. Nxc6 bxc6 12. Bf4 Bg4 13.
f3 Bh5 14. Na4 Nd7 15. a3 Ba5 16. b4 Bc7 17. Bxc7 Qxc7 18. Rc1 Qf4 19. Rf2 Qf6 20. Qd2 Rfe8 21. Nc3 Bg6 22. Bf1 Nb6 23. Nd1 Re6 24. Re2 Rae8 25. Rxe6 Rxe6 26. Nf2 Bf5 27. Qf4 Kh7 28. h4 g5 29. hxg5 hxg5 30. Qd2 Kg7 31. Rc3 Qe7 32. f4 g4 33. g3 Nc4 34. Bxc4 dxc4 35. d5 Re1+ 36. Kh2 Re2 37. Qd4+ Qf6 0-1

[Event "RUS-ch Rapid 2021"]
[Site "Sochi"]
[Date "2021.10.13"]
[Round "11.23"]
[White "Khanin, Semen"]
[Black "Palchun, Grigory"]
[Result "1/2-1/2"]
[ECO "C61"]
[WhiteElo "2521"]
[BlackElo "2338"]
[Annotator "ChessBase"]
[PlyCount "48"]
[EventDate "2021.10.12"]
[EventType "swiss"]
[EventCountry "RUS"]
[SourceTitle "playchess.com"]
[Source "ChessBase"]
[SourceQuality "1"]
[TimeControl "900+10"]

1. e4 e5 2. Nf3 Nc6 3. Bb5 Nd4 4. Nxd4 exd4 5. O-O Bc5 6.
a3 c6 7. Bc4 d6 8. d3 Ne7 9. Nd2 O-O 10. Qh5 d5 11. Ba2 Qd6 12. exd5 cxd5 13. Nf3 Be6 14. Re1 h6 15. b4 Bb6 16. Bb2 Nf5 17. g4 Ne7 18.
Qe5 Qd7 19. h3 Ng6 20. Qh5 Nf4 21. Qh4 Ng6 22. Qh5 Nf4 23. Qh4 Ng6 24. Qh5 Nf4 1/2-1/2

[Event "RUS-ch Rapid 2021"]
[Site "Sochi"]
[Date "2021.10.13"]
[Round "11.24"]
[White "Potapov, Pavel"]
[Black "Goltsev, Dmitry"]
[Result "1-0"]
[ECO "C11"]
[WhiteElo "2481"]
[BlackElo "2282"]
[Annotator "ChessBase"]
[PlyCount "33"]
[EventDate "2021.10.12"]
[EventType "swiss"]
[EventCountry "RUS"]
[SourceTitle "playchess.com"]
[Source "ChessBase"]
[SourceQuality "1"]
[TimeControl "900+10"]

1. e4 e6 2. d4 d5 3. Nc3 Nf6 4. e5 Nfd7 5. Nce2 c5 6. c3 Nc6 7. Nf3 f6 8. Nf4 Nb6 9. Bb5 f5 10. h4 Be7 11. dxc5 Bxc5 12. Ng5 Ke7 13.
Bxc6 bxc6 14. b4 Bxf2+ 15. Kxf2 Nc4 16. Qd4 Qb6 17. Be3 1-0